AoeStats
← kirdneh.p

Arabia

507705211Analyzed
1v1 RM · 13d ago on Sep 19, 2026· 68m 37s· 2 players
Game mode
Random Map
Map size
Tiny (2 player)
Population
200
Speed
Normal
Resources
Standard
Victory
Conquest
Starting age
Dark Age
Ending age
Imperial Age
RankedLock teamsTeams togetherTeam positionsShared explorationLock speedFull tech treeHidden civsTurbo modeCheats
Victory
Defeat
🇩🇪 Inca · Germany
1094
+17
🇩🇪 Vikings · Germany
1121
-17
kirdneh.p
6:50 Loom
9:28 Feudal Age
10:07 Double-Bit Axe
13:46 Fletching
20:08 Castle Age
19:11 Padded Archer Armor
19:39 Horse Collar
19:52 Town Watch
20:14 Crossbowman
20:50 Bodkin Arrow
24:16 Leather Archer Armor
25:11 Scale Barding Armor
28:32 Forging
36:27 Imperial Age
34:18 Scale Mail Armor
35:24 Chain Mail Armor
36:51 Iron Casting
37:54 Elite Skirmisher
39:05 Ring Archer Armor
39:12 Bracer
39:44 Bow Saw
39:39 Heavy Plow
42:16 Ballistics
44:50 Chain Barding Armor
44:00 Elite Berserk
47:56 Plate Mail Armor
48:27 Blast Furnace
49:17 Conscription
51:46 Chain Barding Armor
50:50 Cavalier
55:23 Light Cavalry
59:31 Crop Rotation
rugkupper
6:57 Loom
9:31 Feudal Age
11:06 Gold Mining
11:02 Double-Bit Axe
11:08 Double-Bit Axe
12:08 Champi Runner
13:42 Fletching
20:53 Castle Age
20:24 Padded Archer Armor
20:34 Forging
20:32 Scale Mail Armor
22:52 Wheelbarrow
22:24 Horse Collar
23:20 Gold Shaft Mining
22:58 Bow Saw
23:06 Crossbowman
25:49 Hand Cart
25:51 Champi Runner
26:45 Forging
27:16 Thumb Ring
28:11 Champi Warrior
30:10 Ballistics
29:50 Bodkin Arrow
30:10 Leather Archer Armor
34:21 Imperial Age
35:19 Arbalester
41:25 Elite Champi Warrior
42:10 Bracer
42:40 Ring Archer Armor
42:46 Iron Casting
44:09 Chemistry
44:59 Heavy Plow
44:50 Stone Mining
45:23 Chain Mail Armor
55:07 Pikeman
55:48 Squires
55:33 Arson
56:04 Halberdier
Connection lost

Rejoining the realm…

Still unreachable

The connection could not be restored.

Session expired

The server has moved on; the page needs a fresh start.